 Dungeon Crawl Stone Soup version 0.13-a0-2496-g11650dd (webtiles) character file.

530 Rycklaryybbe the Sneak (level 6, -8/28 HPs)
             Began as a Spriggan Enchanter on July 22, 2013.
             Mangled by an orc priest
             ... wielding a +0,+0 orcish trident
              (9 damage)
             ... on Level 4 of the Dungeon.
             The game lasted 00:17:08 (4192 turns).

Rycklaryybbe the Sneak (Spriggan Enchanter)         Turns: 4192, Time: 00:17:09

HP  -8/28        AC  2     Str  6      XL: 6   Next:  0%
MP  13/18        EV 20     Int 17      God:
Gold 262         SH  0     Dex 16      Spells:  4 memorised,  3 levels left

Res.Fire  : x . .   See Invis. : +   s - +1,+2 dagger (venom)
Res.Cold  : + . .   Warding    : .   g - +0 robe
Life Prot.: + . .   Conserve   : .   (shield restricted)
Res.Poison: .       Res.Corr.  : .   (helmet restricted)
Res.Elec. : .       Clarity    : .   (no cloak)
Sust.Abil.: . .     Spirit.Shd : .   (gloves unavailable)
Res.Mut.  : .       Stasis     : .   (boots unavailable)
Res.Rott. : .       Flight     : .   (no amulet)
Saprovore : . . .                    A - ring of ice
                                     u - ring of positive energy {unknown}

@: very quick, somewhat resistant to hostile enchantments, very stealthy
A: unfitting armour, see invisible, herbivore 3, speed 3, slow metabolism 2
a: no special abilities


You were on level 4 of the Dungeon.
You were not hungry.

You visited 1 branch of the dungeon, and saw 4 of its levels.

You collected 242 gold pieces.

Inventory:

Hand weapons
 a - a +1,+1 dagger {=f}
 s - a +1,+2 dagger of venom (weapon)
Missiles
 d - 38 darts (quivered)
 E - 15 stones
Armour
 b - a +1 robe
 g - a +0 robe (worn)
Magical devices
 F - a wand of heal wounds (6) {unknown}
Comestibles
 i - a pear
 k - a rambutan
 l - 4 apples
 m - 2 bread rations
 n - a lemon
Scrolls
 f - 2 scrolls of magic mapping {unknown}
 h - a scroll of noise {unknown}
 o - a scroll of teleportation {unknown}
 p - a scroll of remove curse {unknown}
 q - 3 scrolls of fog {unknown}
 w - a scroll of curse jewellery {unknown}
 y - 2 scrolls of identify {unknown}
 z - 2 scrolls of recharging {unknown}
 B - a scroll of random uselessness {unknown}
 G - a scroll of curse armour {unknown}
Jewellery
 u - a ring of positive energy (left hand) {unknown}
 A - a ring of ice (right hand)
 H - a +3 ring of dexterity {unknown}
Potions
 e - a potion of confusion {unknown}
 j - a potion of flight {unknown}
 r - a potion of curing
 t - a potion of heal wounds {unknown}
 v - a potion of brilliance
 x - a potion of speed {unknown}
 C - a potion of magic {unknown}
 D - a potion of might {unknown}
Books
 c - a book of Maledictions

   Spells                             Type                      Level
   *Corona                            Hexes                        1
   *Sure Blade                        Hexes/Charms                 2
   *Ensorcelled Hibernation           Hexes/Ice                    2
   *Confuse                           Hexes                        3
   Enslavement                        Hexes                        4
   Invisibility                       Hexes                        6


   Skills:
 - Level 1.1 Short Blades
 - Level 1.1 Throwing
 - Level 4.7 Dodging
 + Level 7.8 Stealth
 + Level 3.0 Spellcasting
 - Level 4.1 Hexes


You had 3 spell levels left.
You knew the following spells:

 Your Spells              Type           Power        Failure   Level  Hunger
a - Corona                Hex            ###....      3%          1    None
b - Ensorcelled Hibernat  Hex/Ice        ##....       14%         2    ##.....
c - Confuse               Hex            ###.....     12%         3    ###....
d - Sure Blade            Hex/Chrm       #.........   14%         2    ##.....


Dungeon Overview and Level Annotations

Branches:
Dungeon (4/27)
 Temple: D:4-7

Altars:
Elyvilon
Makhleb
Vehumet

Annotations
D:2 Jessica
D:4 Eustachio


Innate Abilities, Weirdness & Mutations

You are tiny and cannot use many weapons and most armour.
You have supernaturally acute eyesight.
You are a herbivore.
You cover ground extremely quickly.
You need consume almost no food.


Message History

You kill the orc!
You have reached level 6!
Your experience leads to an increase in your attributes!
Increase (S)trength, (I)ntelligence, or (D)exterity?
You feel stronger.
Casting: Ensorcelled Hibernation
Confirm with . or Enter, or press ? or * to list all spells.
Aiming: Ensorcelled Hibernation
Press: ? - help, Shift-Dir - straight line, f - orc
Aim: an orc wearing an orcish ring mail You feel a surge of power!
The orc looks drowsy...
The orc priest mumbles some strange prayers to Beogh against you.
Something smites you!
Ouch! That really hurt!
* * * LOW HITPOINT WARNING * * *
The helpless orc fails to defend itself.
You impale the orc!!
You kill the orc!
The orc priest hits you from afar with an orcish trident!
You die...

###...#.........#### ...#
#####.###..........# ...#
##.....####..##.#).####...####
##.....####.....#....).........
##..................o..........
##.....#####.........oo..o.....
##.....# #.....)...####...####
.......# #.#.#####o# ...#
######.###.#....@).# ...#
#.......##.######### ...#
#.......##.# .... #.......)..#
#.#. ..).<..)#..# #.......#..#
#.....)%...# #.......#.##
####......#


You could see an orc priest.

Vanquished Creatures
  A hound (D:4)
  2 orc priests (D:4)
  3 gnolls (D:2)
  4 adders
  4 giant geckos
  16 orcs
  10 bats
  11 hobgoblins
  10 jackals
  10 kobolds
  A quokka (D:3)
  2 giant cockroaches
  3 giant newts
  8 goblins
  9 rats
94 creatures vanquished.

Vanquished Creatures (others)
  A jackal (D:3)
1 creature vanquished.

Grand Total: 95 creatures vanquished

Notes
Turn   | Place    | Note
--------------------------------------------------------------
     0 | D:1      | Rycklaryybbe, the Spriggan Enchanter, began the quest for the Orb.
     0 | D:1      | Reached XP level 1. HP: 9/9 MP: 4/4
    92 | D:1      | Reached skill level 4 in Stealth
   199 | D:1      | Reached XP level 2. HP: 5/13 MP: 3/6
   247 | D:1      | Learned a level 2 spell: Ensorcelled Hibernation
   759 | D:1      | Reached skill level 5 in Stealth
   946 | D:1      | Reached XP level 3. HP: 14/16 MP: 9/9
  1683 | D:2      | Noticed Jessica
  2108 | D:2      | Reached XP level 4. HP: 15/21 MP: 6/11
  2140 | D:2      | Reached skill level 6 in Stealth
  2669 | D:3      | Found a burning altar of Makhleb.
  3203 | D:3      | Reached skill level 7 in Stealth
  3342 | D:3      | Reached XP level 5. HP: 22/24 MP: 7/13
  3359 | D:3      | Learned a level 3 spell: Confuse
  3459 | D:3      | Found a radiant altar of Vehumet.
  3620 | D:4      | Found a white marble altar of Elyvilon.
  3908 | D:4      | Learned a level 2 spell: Sure Blade
  4176 | D:4      | Noticed Eustachio
  4190 | D:4      | Reached XP level 6. HP: 18/28 MP: 15/18
  4191 | D:4      | HP: 1/28 [orc priest/divine providence (17)]
  4192 | D:4      | Mangled by an orc priest

Action                   |  1- 3 |  4- 6 || total
-------------------------+-------+-------++-------
Melee: Dagger            |   206 |   130 ||   336
Throw: Dart              |     4 |     5 ||     9
 Cast: Corona            |    17 |     1 ||    18
       Ensorcelled Hiber |     6 |    19 ||    25
       Confuse           |       |     5 ||     5
       Sure Blade        |       |     1 ||     1
  Use: Potion            |       |     3 ||     3
 Stab: Sleeping          |    14 |    13 ||    27
       Distracted        |       |     1 ||     1
       Confused          |       |     1 ||     1
